| TOP OF THE 1ST |
|
Syracuse Chiefs batting - Pitching for Lehigh Valley IronPigs : RHP Victor Hurtado
|
|
Pitching: RHP Victor Hurtado
|
|
|
Batting: LHB Dillon Gonzalez
|
0-0: Ball 1-0: Foul Ball, location: 2F 1-1: Called Strike 1-2: Foul Ball, location: 2F 1-2: Ground out 5-3 (Groundball, 56, EV 78.1 MPH)
|
|
Batting: LHB Alexis Cantu
|
0-0: Called Strike 0-1: Ball 1-1: Fly out, F7 (Flyball, 7S, EV 80.0 MPH)
|
|
Batting: LHB Jae-ik Soung
|
0-0: Swinging Strike 0-1: Called Strike 0-2: Strikes out swinging
|
| Top of the 1st over - 0 runs, 0 hits, 0 errors, 0 left on base; Syracuse 0 - Lehigh Valley 0 |
| BOTTOM OF THE 1ST |
|
Lehigh Valley IronPigs batting - Pitching for Syracuse Chiefs : RHP Cory Jones
|
|
Pitching: RHP Cory Jones
|
|
|
Batting: LHB Theodore Conboy
|
0-0: DOUBLE (Flyball, 78XD, EV 105.0 MPH)
|
|
Batting: RHB Alberto Ramirez
|
0-0: Ball 1-0: Fly out, F8 (Flyball, 8LM, EV 91.9 MPH)
|
|
Batting: RHB Carlos Morejon
|
0-0: Ball 1-0: Ball 2-0: Foul Ball, location: 2F 2-1: SINGLE (Line Drive, 8RS, EV 87.5 MPH) Theodore Conboy to third Runner from 3rd tries for Home, SAFE, throw by CF to home
|
|
Batting: LHB Josh George
|
0-0: Foul Ball, location: 2F 0-1: Ball 1-1: Fielders Choice at 2nd, 4-6 (Groundball, 3, EV 106.2 MPH)
|
|
Batting: LHB Jose Carlos
|
0-0: Ball 1-0: Ball 2-0: Ground out 4-3 (Groundball, 4, EV 108.1 MPH)
|
| Bottom of the 1st over - 1 run, 2 hits, 0 errors, 1 left on base; Syracuse 0 - Lehigh Valley 1 |
| TOP OF THE 2ND |
|
Syracuse Chiefs batting - Pitching for Lehigh Valley IronPigs : RHP Victor Hurtado
|
|
Batting: LHB Doug Anderson
|
0-0: Ball 1-0: Fly out, F9 (Flyball, 9S, EV 81.9 MPH)
|
|
Batting: RHB Dusty Ballard
|
0-0: Ball 1-0: Ground out 4-3 (Groundball, 4M, EV 96.2 MPH)
|
|
Batting: RHB Gabe Almazan
|
0-0: Called Strike 0-1: Fly out, F7 (Line Drive, 7S, EV 100.6 MPH)
|
| Top of the 2nd over - 0 runs, 0 hits, 0 errors, 0 left on base; Syracuse 0 - Lehigh Valley 1 |
| BOTTOM OF THE 2ND |
|
Lehigh Valley IronPigs batting - Pitching for Syracuse Chiefs : RHP Cory Jones
|
|
Batting: RHB Mark Schultz
|
0-0: Foul Ball, location: 2F 0-1: Foul Ball, location: 2F 0-2: Ball 1-2: Foul Ball, location: 2F 1-2: Ground out 4-3 (Groundball, 4S, EV 84.4 MPH)
|
|
Batting: SHB Marco de Leon
|
0-0: Called Strike 0-1: Ball 1-1: Foul Ball, location: 2F 1-2: Strikes out swinging
|
|
Batting: RHB Moritake Fukumoto
|
0-0: Called Strike 0-1: Ground out 3-1 (Groundball, 34, EV 96.2 MPH)
|
| Bottom of the 2nd over - 0 runs, 0 hits, 0 errors, 0 left on base; Syracuse 0 - Lehigh Valley 1 |
| TOP OF THE 3RD |
|
Syracuse Chiefs batting - Pitching for Lehigh Valley IronPigs : RHP Victor Hurtado
|
|
Batting: RHB Ryan Hiemer
|
0-0: Called Strike 0-1: Ball 1-1: SINGLE (Line Drive, 4D, EV 98.8 MPH)
|
|
Batting: LHB Tom Reynolds
|
0-0: Ball 1-0: Called Strike 1-1: Called Strike 1-2: Ball 2-2: Foul Ball, location: 2F 2-2: Fly out, F5 (Popup, 25F, EV 80.0 MPH)
|
|
Batting: RHB Rafael Medina
|
0-0: Called Strike 0-1: Swinging Strike 0-2: Strikes out looking
|
|
Batting: LHB Dillon Gonzalez
|
0-0: Ball 1-0: Ball 2-0: Ball 3-0: Foul Ball, location: 2F 3-1: Foul Ball, location: 2F 3-2: Strikes out looking
|
| Top of the 3rd over - 0 runs, 1 hit, 0 errors, 1 left on base; Syracuse 0 - Lehigh Valley 1 |
| BOTTOM OF THE 3RD |
|
Lehigh Valley IronPigs batting - Pitching for Syracuse Chiefs : RHP Cory Jones
|
|
Batting: RHB Kyle Reilly
|
0-0: Ball 1-0: Ball 2-0: Ball 3-0: Base on Balls
|
|
Batting: LHB Theodore Conboy
|
0-0: Ground out U3 (Groundball, 3S, EV 73.1 MPH) Kyle Reilly to second
|
|
Batting: RHB Alberto Ramirez
|
0-0: Foul Ball, location: 2F 0-1: Ball 1-1: Ball 2-1: Foul Ball, location: 2F 2-2: Fly out, F8 (Flyball, 8RXD, EV 101.2 MPH) Runner from 2nd tags up, SAFE at 3rd, no throw by CF
|
|
Batting: RHB Carlos Morejon
|
0-0: Ball 1-0: Foul Ball, location: 2F 1-1: Fly out, F9 (Flyball, 89M, EV 90.6 MPH)
|
| Bottom of the 3rd over - 0 runs, 0 hits, 0 errors, 1 left on base; Syracuse 0 - Lehigh Valley 1 |
| TOP OF THE 4TH |
|
Syracuse Chiefs batting - Pitching for Lehigh Valley IronPigs : RHP Victor Hurtado
|
|
Batting: LHB Alexis Cantu
|
0-0: Called Strike 0-1: Swinging Strike 0-2: SOLO HOME RUN (Flyball, 89XD, EV 108.1 MPH), Distance : 411 ft
|
|
Batting: LHB Jae-ik Soung
|
0-0: Ball 1-0: Ball 2-0: Called Strike 2-1: Foul Ball, location: 2F 2-2: Ball 3-2: Strikes out swinging
|
|
Batting: LHB Doug Anderson
|
0-0: Ground out U3 (Groundball, 34, EV 101.9 MPH)
|
|
Batting: RHB Dusty Ballard
|
0-0: Ball 1-0: Ball 2-0: Called Strike 2-1: Foul Ball, location: 2F 2-2: Fly out, F9 (Flyball, 9S, EV 86.2 MPH)
|
| Top of the 4th over - 1 run, 1 hit, 0 errors, 0 left on base; Syracuse 1 - Lehigh Valley 1 |
| BOTTOM OF THE 4TH |
|
Lehigh Valley IronPigs batting - Pitching for Syracuse Chiefs : RHP Cory Jones
|
|
Batting: LHB Josh George
|
0-0: Called Strike 0-1: SINGLE (Groundball, 6MS, EV 71.9 MPH) (infield hit)
|
|
Batting: LHB Jose Carlos
|
0-0: Ball 1-0: Called Strike Josh George steals 2nd, throwing error, E2 Josh George to third 1-1: Ball 2-1: SINGLE (Groundball, 4MD, EV 95.0 MPH) Josh George scores
|
|
Batting: RHB Mark Schultz
|
0-0: Foul Ball, location: 2F 0-1: Foul Ball, location: 2F 0-2: Ball 1-2: Ball 2-2: Ball 3-2: Fly out, F9 (Flyball, 9, EV 77.5 MPH)
|
|
Batting: SHB Marco de Leon
|
0-0: Ball 1-0: Foul Ball, location: 2F 1-1: Ball 2-1: Foul Ball, location: 2F 2-2: Foul Ball, location: 2F 2-2: Foul Ball, location: 2F 2-2: Foul Ball, location: 2F 2-2: Foul Ball, location: 2F 2-2: Grounds into double play, 4-6-3 (Groundball, 34, EV 87.5 MPH)
|
| Bottom of the 4th over - 1 run, 2 hits, 1 error, 0 left on base; Syracuse 1 - Lehigh Valley 2 |
| TOP OF THE 5TH |
|
Syracuse Chiefs batting - Pitching for Lehigh Valley IronPigs : RHP Victor Hurtado
|
|
Batting: RHB Gabe Almazan
|
0-0: Ball 1-0: Ball 2-0: Foul Ball, location: 2F 2-1: Ball 3-1: Ground out 5-3 (Groundball, 5, EV 85.0 MPH)
|
|
Batting: RHB Ryan Hiemer
|
0-0: Called Strike 0-1: Ground out 5-3 (Groundball, 56S, EV 87.5 MPH)
|
|
Batting: LHB Tom Reynolds
|
0-0: Called Strike 0-1: Ball 1-1: Ball 2-1: Fly out, F8 (Flyball, 8LM, EV 85.0 MPH)
|
| Top of the 5th over - 0 runs, 0 hits, 0 errors, 0 left on base; Syracuse 1 - Lehigh Valley 2 |
| BOTTOM OF THE 5TH |
|
Lehigh Valley IronPigs batting - Pitching for Syracuse Chiefs : RHP Cory Jones
|
|
Batting: RHB Moritake Fukumoto
|
0-0: Ball 1-0: Foul Ball, location: 2F 1-1: Ball 2-1: Foul Ball, location: 2F 2-2: Ground out 4-3 (Groundball, 4, EV 85.6 MPH)
|
|
Batting: RHB Kyle Reilly
|
0-0: Called Strike 0-1: Ball 1-1: SINGLE (Groundball, 56D, EV 97.5 MPH)
|
|
Batting: LHB Theodore Conboy
|
0-0: Fielders Choice at 2nd, 1-6 (Groundball, 13S, EV 70.0 MPH)
|
|
Batting: RHB Alberto Ramirez
|
0-0: Called Strike Theodore Conboy steals 2nd base (no throw) 0-1: Foul Ball, location: 2F 0-2: Ball 1-2: Foul Ball, location: 2F 1-2: Ball 2-2: Foul Ball, location: 2F 2-2: DOUBLE (Groundball, 5L, EV 106.2 MPH) Theodore Conboy scores
|
|
Batting: RHB Carlos Morejon
|
0-0: Ball 1-0: Swinging Strike 1-1: Foul Ball, location: 2F 1-2: Foul Ball, location: 2F 1-2: Fly out, F8 (Flyball, 8RD, EV 85.0 MPH)
|
| Bottom of the 5th over - 1 run, 2 hits, 0 errors, 1 left on base; Syracuse 1 - Lehigh Valley 3 |
| TOP OF THE 6TH |
|
Syracuse Chiefs batting - Pitching for Lehigh Valley IronPigs : RHP Victor Hurtado
|
|
Batting: RHB Rafael Medina
|
0-0: SINGLE (Line Drive, 8LS, EV 96.2 MPH)
|
|
Batting: LHB Dillon Gonzalez
|
0-0: Called Strike Rafael Medina steals 2nd base 0-1: Ball 1-1: Foul Ball, location: 2F 1-2: DOUBLE (Flyball, 7LD, EV 101.9 MPH) Rafael Medina scores
|
|
Batting: LHB Alexis Cantu
|
0-0: Ball 1-0: Called Strike 1-1: Foul Ball, location: 2F 1-2: 2-RUN HOME RUN (Flyball, 78XD, EV 106.2 MPH), Distance : 419 ft
|
|
Batting: LHB Jae-ik Soung
|
0-0: Ball 1-0: Ball 2-0: Called Strike 2-1: Ground out 5-3 (Groundball, 56, EV 88.8 MPH)
|
|
Batting: LHB Doug Anderson
|
0-0: Ball 1-0: Called Strike 1-1: Swinging Strike 1-2: Strikes out swinging
|
|
Batting: RHB Dusty Ballard
|
0-0: DOUBLE (Groundball, 3L, EV 95.0 MPH)
|
|
Batting: RHB Gabe Almazan
|
0-0: Ground out 1-3 (Groundball, 34S, EV 65.6 MPH)
|
| Top of the 6th over - 3 runs, 4 hits, 0 errors, 1 left on base; Syracuse 4 - Lehigh Valley 3 |
| BOTTOM OF THE 6TH |
|
Lehigh Valley IronPigs batting - Pitching for Syracuse Chiefs : RHP Cory Jones
|
|
Batting: LHB Josh George
|
0-0: Reached on error, E4 (Groundball, 4, EV 101.9 MPH)
|
|
Batting: LHB Jose Carlos
|
0-0: Ball 1-0: Swinging Strike 1-1: Called Strike 1-2: Fielders Choice at 2nd, 4-6 (Groundball, 4D, EV 80.0 MPH)
|
|
Batting: RHB Mark Schultz
|
0-0: Foul Ball, location: 2F 0-1: Called Strike 0-2: Ball 1-2: Foul Ball, location: 2F 1-2: Foul Ball, location: 2F 1-2: Strikes out swinging
|
|
Batting: SHB Marco de Leon
|
0-0: Ball 1-0: Ball 2-0: Ball 3-0: Base on Balls Jose Carlos to second
|
|
Batting: RHB Moritake Fukumoto
|
0-0: Fly out, F8 (Flyball, 8RD, EV 91.9 MPH)
|
| Bottom of the 6th over - 0 runs, 0 hits, 1 error, 2 left on base; Syracuse 4 - Lehigh Valley 3 |
| TOP OF THE 7TH |
|
Syracuse Chiefs batting - Pitching for Lehigh Valley IronPigs : RHP Victor Hurtado
|
|
Batting: RHB Ryan Hiemer
|
0-0: Called Strike 0-1: Fly out, F8 (Flyball, 89M, EV 93.8 MPH)
|
|
Batting: LHB Tom Reynolds
|
0-0: Ball 1-0: Ball 2-0: Ground out 5-3 (Groundball, 15, EV 82.5 MPH)
|
|
Batting: RHB Rafael Medina
|
0-0: Ball 1-0: Ground out 3-1 (Groundball, 34, EV 96.9 MPH)
|
| Top of the 7th over - 0 runs, 0 hits, 0 errors, 0 left on base; Syracuse 4 - Lehigh Valley 3 |
| BOTTOM OF THE 7TH |
|
Lehigh Valley IronPigs batting - Pitching for Syracuse Chiefs : RHP Cory Jones
|
|
Batting: RHB Kyle Reilly
|
0-0: SINGLE (Groundball, 6MD, EV 105.6 MPH)
|
|
Batting: LHB Theodore Conboy
|
0-0: Ball 1-0: Bunt missed! 1-1: Bunted foul 1-2: Foul Ball, location: 2F 1-2: Foul Ball, location: 2F 1-2: Strikes out looking
|
|
Pitching: LHP Jose Torres
|
|
|
Batting: RHB Alberto Ramirez
|
0-0: Ball 1-0: Ball 2-0: Ball 3-0: Base on Balls Kyle Reilly to second
|
|
Batting: RHB Carlos Morejon
|
0-0: Called Strike 0-1: Swinging Strike 0-2: Ball 1-2: Foul Ball, location: 2F 1-2: Ball Wild Pitch! Kyle Reilly to third Alberto Ramirez to second 2-2: Strikes out swinging
|
|
Batting: LHB Josh George
|
0-0: Ball 1-0: Ball 2-0: Called Strike 2-1: Foul Ball, location: 2F 2-2: SINGLE (Groundball, 6S, EV 95.0 MPH) Kyle Reilly scores Alberto Ramirez to third Runner from 3rd tries for Home, throw by CF and OUT! 8-2
|
| Bottom of the 7th over - 1 run, 2 hits, 0 errors, 1 left on base; Syracuse 4 - Lehigh Valley 4 |
| TOP OF THE 8TH |
|
Syracuse Chiefs batting - Pitching for Lehigh Valley IronPigs : RHP Victor Hurtado
|
|
Batting: LHB Dillon Gonzalez
|
0-0: Ground out U3 (Groundball, 3, EV 104.4 MPH)
|
|
Batting: LHB Alexis Cantu
|
0-0: Ball 1-0: Called Strike 1-1: Ball 2-1: Foul Ball, location: 2F 2-2: Ball 3-2: Base on Balls
|
|
Pitching: LHP Brian Wildrick
|
|
|
Pinch Hitting: RHB Jim Miske
|
0-0: Ball 1-0: Called Strike 1-1: Foul Ball, location: 2F 1-2: Strikes out swinging
|
|
Batting: RHB Nate Dickinson
|
0-0: SINGLE (Groundball, 56S, EV 63.8 MPH) (infield hit) Alexis Cantu to second
|
|
Pitching: RHP Alex Florez
|
|
|
Batting: RHB Dusty Ballard
|
0-0: Ball 1-0: Swinging Strike 1-1: Fly out, F8 (Flyball, 8LM, EV 91.9 MPH)
|
| Top of the 8th over - 0 runs, 1 hit, 0 errors, 2 left on base; Syracuse 4 - Lehigh Valley 4 |
| BOTTOM OF THE 8TH |
|
Lehigh Valley IronPigs batting - Pitching for Syracuse Chiefs : LHP Jose Torres
|
|
Now at 1B: Jim Miske
|
|
|
Batting: LHB Jose Carlos
|
0-0: Ball 1-0: Ball 2-0: Ball 3-0: Base on Balls
|
|
Batting: RHB Mark Schultz
|
0-0: Bunted foul 0-1: Ball 1-1: Bunted foul 1-2: Foul Ball, location: 2F 1-2: Grounds into double play, 4-6-3 (Groundball, 34, EV 86.9 MPH)
|
|
Batting: SHB Marco de Leon
|
0-0: Called Strike 0-1: Foul Ball, location: 2F 0-2: Strikes out swinging
|
| Bottom of the 8th over - 0 runs, 0 hits, 0 errors, 0 left on base; Syracuse 4 - Lehigh Valley 4 |
| TOP OF THE 9TH |
|
Syracuse Chiefs batting - Pitching for Lehigh Valley IronPigs : RHP Alex Florez
|
|
Batting: RHB Gabe Almazan
|
0-0: Ball 1-0: Called Strike 1-1: Swinging Strike 1-2: Strikes out looking
|
|
Batting: RHB Ryan Hiemer
|
0-0: Ball 1-0: Ball 2-0: Foul Ball, location: 2F 2-1: SINGLE (Groundball, 6S, EV 70.0 MPH) (infield hit)
|
|
Batting: LHB Tom Reynolds
|
0-0: Ball 1-0: Ball 2-0: Ball 3-0: Base on Balls Ryan Hiemer to second
|
|
Batting: RHB Rafael Medina
|
0-0: Called Strike 0-1: Called Strike Ryan Hiemer steals 3rd base 0-2: Ground out 5-3 (Groundball, 56S, EV 80.6 MPH) Tom Reynolds to second
|
|
Batting: LHB Dillon Gonzalez
|
0-0: Foul Ball, location: 2F 0-1: Ball 1-1: Ball 2-1: Ball 3-1: Called Strike 3-2: Fly out, F5 (Line Drive, 5, EV 70.0 MPH)
|
| Top of the 9th over - 0 runs, 1 hit, 0 errors, 2 left on base; Syracuse 4 - Lehigh Valley 4 |
| BOTTOM OF THE 9TH |
|
Lehigh Valley IronPigs batting - Pitching for Syracuse Chiefs : LHP Jose Torres
|
|
Batting: RHB Moritake Fukumoto
|
0-0: Ground out 6-3 (Groundball, 6, EV 97.5 MPH)
|
|
Batting: RHB Kyle Reilly
|
0-0: Fly out, F7 (Flyball, 78S, EV 81.2 MPH)
|
|
Batting: RHB Victor Arroyo
|
0-0: Foul Ball, location: 2F 0-1: Foul Ball, location: 2F 0-2: Ball 1-2: Strikes out swinging
|
| Bottom of the 9th over - 0 runs, 0 hits, 0 errors, 0 left on base; Syracuse 4 - Lehigh Valley 4 |
| TOP OF THE 10TH |
|
Syracuse Chiefs batting - Pitching for Lehigh Valley IronPigs : RHP Alex Florez
|
|
Pitching: RHP Andy Burchfield
|
|
|
Batting: LHB Alexis Cantu
|
0-0: Called Strike 0-1: Foul Ball, location: 2F 0-2: Ball 1-2: Ball 2-2: Ground out 4-3 (Groundball, 4, EV 81.9 MPH)
|
|
Batting: RHB Jim Miske
|
0-0: SOLO HOME RUN (Flyball, 78XD, EV 105.6 MPH), Distance : 438 ft
|
|
Batting: RHB Nate Dickinson
|
0-0: Hit by Pitch
|
|
Batting: RHB Dusty Ballard
|
0-0: Foul Ball, location: 2F 0-1: Swinging Strike 0-2: Ball 1-2: Strikes out swinging
|
|
Batting: RHB Gabe Almazan
|
0-0: Ball 1-0: Ball 2-0: Ball 3-0: Base on Balls Nate Dickinson to second
|
|
Batting: RHB Ryan Hiemer
|
0-0: Foul Ball, location: 2F 0-1: Fly out, F4 (Line Drive, 4M, EV 72.5 MPH)
|
| Top of the 10th over - 1 run, 1 hit, 0 errors, 2 left on base; Syracuse 5 - Lehigh Valley 4 |
| BOTTOM OF THE 10TH |
|
Lehigh Valley IronPigs batting - Pitching for Syracuse Chiefs : LHP Jose Torres
|
|
Pitching: LHP Kerry Baty
|
|
|
Batting: RHB Alberto Ramirez
|
0-0: Ball 1-0: Ball 2-0: Swinging Strike 2-1: Foul Ball, location: 2F 2-2: Ball 3-2: Foul Ball, location: 2F 3-2: Foul Ball, location: 2F 3-2: Foul Ball, location: 2F 3-2: Ground out U3 (Groundball, 3L, EV 104.4 MPH)
|
|
Batting: RHB Carlos Morejon
|
0-0: Ball 1-0: Fly out, F7 (Line Drive, 7D, EV 91.9 MPH)
|
|
Batting: LHB Josh George
|
0-0: Fly out, F4 (Flyball, 34D, EV 85.0 MPH)
|
| Bottom of the 10th over - 0 runs, 0 hits, 0 errors, 0 left on base; Syracuse 5 - Lehigh Valley 4 |
|